 Dungeon Crawl Stone Soup version 0.21.0 (webtiles) character file.

122 Haldmier the Charlatan (level 4, -4/26 HPs)
             Began as a Deep Elf Artificer on Jan 7, 2018.
             Killed by divine providence
             ... invoked by an orc priest
              (12 damage)
             ... on level 3 of the Dungeon.
             The game lasted 00:12:20 (4667 turns).

Haldmier the Charlatan (Deep Elf Artificer)         Turns: 4667, Time: 00:12:20

Health: -4/26      AC:  4    Str: 10    XL:     4   Next: 78%
Magic:  8/8        EV: 12    Int: 16    God:
Gold:   193        SH:  4    Dex: 15    Spells: 3/3 levels left

rFire    . . .     SeeInvis .   t - -1 hunting sling (curse)
rCold    . . .     Gourm    .   n - +0 buckler
rNeg     . . .     Faith    .   g - +0 leather armour (curse)
rPois    .         Spirit   .   h - +0 helmet
rElec    .         Reflect  .   (no cloak)
rCorr    .         Harm     .   (no gloves)
MR       .....                  (no boots)
Stlth    ++........             (no amulet)
HPRegen  0.08/turn              (no ring)
MPRegen  0.11/turn              (no ring)

@: no status effects
A: no striking features
a: no special abilities


You were on level 3 of the Dungeon.
You were not hungry.

You visited 1 branch of the dungeon, and saw 4 of its levels.

You collected 193 gold pieces.

Inventory:

Hand Weapons
 a - a +0 short sword
 t - a cursed -1 hunting sling (weapon)
 C - a +0 hand axe of electrocution
Missiles
 i - 140 stones
 u - 33 sling bullets (quivered)
 w - 4 steel tomahawks
 D - 6 tomahawks
Armour
 b - a +0 leather armour
 g - a cursed +0 leather armour (worn)
 h - a +0 helmet (worn)
 n - a +0 buckler (worn)
 r - a +0 ring mail
 s - a +0 scale mail
Wands
 c - a wand of flame (13)
 d - a wand of enslavement (14)
 e - a wand of random effects (15)
 F - a wand of disintegration (8)
Scrolls
 j - 4 scrolls of remove curse {unknown}
 k - 4 scrolls of identify {unknown}
 l - a scroll of fog {unknown}
 o - a scroll of amnesia {unknown}
 q - 3 scrolls of magic mapping {unknown}
 x - 3 scrolls of teleportation {unknown}
 y - a scroll of enchant weapon {unknown}
 B - a scroll of random uselessness {unknown}
Potions
 m - 2 potions of mutation {unknown}
 p - a potion of degeneration {unknown}
 z - a potion of lignification {unknown}
 A - a potion of curing {unknown}
 E - a potion of heal wounds {unknown}
Comestibles
 f - 4 rations
 v - a chunk of flesh


   Skills:
 + Level 1.7 Fighting
 - Level 1.7 Short Blades
 + Level 3.3 Dodging
 - Level 2.0 Stealth
 * Level 1.6 Shields
 + Level 3.9 Evocations


You had 3 spell levels left.
You didn't know any spells.

Dungeon Overview and Level Annotations

Branches:
Dungeon (4/15)
 Temple: D:4-7

Altars:
Qazlal


Message History

Firing (i - inventory. (,) - cycle):
u - 36 sling bullets (quivered)
Press: ? - help, Shift-Dir - straight line, f/p - orc priest
Aim: an orc priest, wielding a flail (heavily wounded)
You shoot a sling bullet.
The sling bullet barely misses the orc priest.
You block the orc priest's attack.
Firing (i - inventory. (,) - cycle):
u - 35 sling bullets (quivered)
Press: ? - help, Shift-Dir - straight line, f/p - orc priest
Aim: an orc priest, wielding a flail (heavily wounded)
You shoot a sling bullet.
The sling bullet barely misses the orc priest.
The orc priest barely misses you.
Firing (i - inventory. (,) - cycle):
u - 34 sling bullets (quivered)
Press: ? - help, Shift-Dir - straight line, f/p - orc priest
Aim: an orc priest, wielding a flail (heavily wounded)
You shoot a sling bullet.
The sling bullet barely misses the orc priest.
The orc priest mumbles some strange prayers to Beogh against you.
Beogh smites you!
You die...

<............##.#..........# ##.#
.........######.(###.......# #.#
##...##### ##.# #.......# #.#
#...# #.# #.......# #.# #...# #.#
######..# #.. ##...# #.# ##.# ###
.##)######## #.# #####.######
.##)#......# #o#####..§§.≈§^.##
.#....####.# #@...<.##≈^..#^#.#
......####.# #[####.#≈#§...#§≈.
........##.### #......###....#.^.
.####.#.##...# #.####≈^.≈..≈.....
....#.#(.....# #.###......_......
.##.#........# #.....^.....^≈≈≈§#
)##.#######.########..#....§§§#.#
.##.# #......# #.≈^##§.§≈§≈§#
###.# #.##.#.# #.≈##..§§^§^^#


You could see an orc priest.

Vanquished Creatures
  Jessica (D:3)
  An orc wizard (D:4)
  An ooze (D:1)
  2 worms
  3 dart slugs
  A leopard gecko (D:3)
  10 orcs
  A bat (D:1)
  4 giant cockroaches
  4 goblins
  5 hobgoblins
  5 jackals
  5 kobolds
  2 quokkas
  6 frilled lizards
  4 rats
55 creatures vanquished.

Vanquished Creatures (collateral kills)
  An orc (D:4)
1 creature vanquished.

Grand Total: 56 creatures vanquished

Notes
Turn   | Place    | Note
-------+----------+-------------------------------------------
     0 | D:1      | Haldmier the Deep Elf Artificer began the quest for the Orb.
     0 | D:1      | Reached XP level 1. HP: 11/11 MP: 5/5
   286 | D:1      | Reached skill level 1 in Fighting
   322 | D:1      | Reached XP level 2. HP: 14/16 MP: 6/6
   973 | D:1      | Reached XP level 3. HP: 11/20 MP: 7/7
  3177 | D:3      | Found a stormy altar of Qazlal.
  3450 | D:3      | Reached skill level 1 in Shields
  3652 | D:3      | Noticed Jessica
  3655 | D:3      | Killed Jessica
  3655 | D:3      | Reached XP level 4. HP: 25/25 MP: 8/8
  4667 | D:3      | Killed from afar by an orc priest

Skill      XL: |  1  2  3 |
---------------+----------+-----
Fighting       | 1 |  1.7
Stealth        | 2 |  2.0
Dodging        | 3 |  3.3
Shields        | 1 |  1.6
Short Blades   | |  1.7
Evocations     | |  3.9

Action                   |  1- 3 |  4- 6 || total
-------------------------+-------+-------++-------
Melee: Short sword       |   100 |       ||   100
 Fire: Hunting sling     |   123 |    61 ||   184
Evoke: Wand              |     2 |     1 ||     3
 Stab: Sleeping          |     1 |       ||     1
  Eat: Chunk             |     5 |     3 ||     8
       Ration            |     1 |       ||     1
Armor: Leather armour    |    36 |     4 ||    40
Dodge: Dodged            |    94 |    23 ||   117
Block: Buckler           |     9 |    11 ||    20
